Match 47241141
Unlisted

Match 47241141
End
Construct Barracks
Selects Special Operations Battlegroup
Selects M29 Weasel Recon Vehicle
M29 Weasel Recon Vehicle
Riflemen Squad
Riflemen Squad
Grenade Package
Engineer Squad
Selects Raiding Flares
M1 Mortar Team
Mechanized Support Center
Selects SSF Commando Squad
SSF Commando Squad
Construct Tank Depot
Selects P-47 Anti-Infantry Loiter
Selects UNKNOWN (2162291)
M4A1 Sherman Whizbang
M1918 Browning Automatic Rifles
M4A1 Sherman Medium Tank
Selects Assault Operation
SSF Commando Squad
M4A1 Sherman Medium Tank
Engineer Squad
Designate Forward Repair Station
M4A1 76mm Conversion
M4A1(76) Sherman Medium Tank
M4A1(76) Sherman Medium Tank
Riflemen Squad
P-47 Anti-Infantry Loiter
Niker1
pineapple the fruit dude
Demi
PutPut-AutistInPerfection
0
0

Comments sign in to comment!

No comments posted yet!